 Dungeon Crawl Stone Soup version 0.20.0-9-g8272e65 (webtiles) character file.

99 Darkell the Chiller (level 4, -7/30 HPs)
             Began as a Demonspawn Ice Elementalist on June 3, 2017.
             Mangled by Kriby's ghost (20 damage)
             ... in a sewer.
             The game lasted 00:04:18 (1892 turns).

Darkell the Chiller (Demonspawn Ice Elementalist)   Turns: 1892, Time: 00:04:19

Health: -7/30      AC:  2    Str: 13    XL:     4   Next: 45%
Magic:  5/7        EV: 12    Int: 17    God:
Gold:   119        SH:  0    Dex: 13    Spells: 6/7 levels left

rFire    . . .     SeeInvis .   m - +0 dagger
rCold    . . .     Gourm    .   (no shield)
rNeg     . . .     Faith    .   a - +0 robe
rPois    .         Spirit   .   e - +0 hat
rElec    .         Reflect  .   (no cloak)
rCorr    .         Harm     .   (no gloves)
MR       .....                  (no boots)
Stlth    ++........             (no amulet)
Regen    0.1/turn               k - +4 ring of strength
MPRegen  0.1/turn               r - +3 ring of slaying

@: very slightly contaminated
A: claws 1
a: no special abilities


You were in a sewer.
You were not hungry.

You visited 1 branch of the dungeon, and saw 3 of its levels.
You also visited: Sewer.

You collected 119 gold pieces.

Inventory:

Hand Weapons
 m - a +0 dagger (weapon)
 p - a +0 club
Armour
 a - a +0 robe (worn)
 e - a +0 hat (worn)
 h - a +0 pair of gloves
Jewellery
 k - a +4 ring of strength (left claw)
 r - a +3 ring of slaying (right claw)
Scrolls
 g - a scroll of enchant armour {unknown}
 j - 2 scrolls of teleportation
 q - 2 scrolls of identify
Potions
 d - 3 potions of curing
 f - a potion of resistance
 i - a potion of haste {unknown}
 l - 2 potions of heal wounds {unknown}
 n - a potion of flight {unknown}
Books
 b - a book of Frost

   Spells                             Type                      Level
   a - Freeze                         Ice                          1
   b - Throw Frost                    Conjuration/Ice              2
   c - Ozocubu's Armour               Charms/Ice                   3
   d - Throw Icicle                   Conjuration/Ice              4
   e - Summon Ice Beast               Ice/Summoning                4
Comestibles
 c - 2 bread rations
 o - a royal jelly


   Skills:
 - Level 1.7 Dodging
 - Level 1.7 Stealth
 - Level 2.0 Spellcasting
   Level 1.0 Conjurations
 + Level 4.8 Ice Magic


You had 6 spell levels left.
You knew the following spells:

 Your Spells              Type           Power        Failure   Level  Hunger
a - Freeze                Ice            ###.         2%          1    #......


Dungeon Overview and Level Annotations

Branches:
Dungeon (3/15)

Altars:
Ashenzari

Annotations:
Sewer Kriby's ghost, amateur HOFi


Innate Abilities, Weirdness & Mutations

You have sharp fingernails.


Message History

Kriby's ghost hits you!
Casting: Freeze
Confirm with . or Enter, or press ? or * to list all spells.
Aiming: Freeze
Press: ? - help, Shift-Dir - straight line, f - kobold
Aim: a kobold You freeze the kobold.
You kill the kobold!
Kriby's ghost hits you.
Casting: Freeze
Confirm with . or Enter, or press ? or * to list all spells.
Aiming: Freeze
Press: ? - help, Shift-Dir - straight line, f - big kobold
Aim: a big kobold, wielding a whip You miscast Freeze.
You are very lightly contaminated with residual magic.
Nothing appears to happen.
The big kobold hits you with a whip. Kriby's ghost hits you!!
Ouch! That really hurt!
You die...

### ############ #∩# #
#..≈≈...≈..###.### ..
#.≈≈≈≈≈...≈......######
...#.≈≈≈≈≈≈≈≈≈≈≈≈≈≈≈≈≈≈≈≈#
.....≈≈≈≈≈≈≈≈≈≈≈≈≈≈≈≈≈≈≈≈≈
#≈≈≈≈≈≈≈≈≈≈≈≈≈≈≈≈≈≈≈≈≈≈
#..≈≈W≈≈.≈.≈.≈...######
#.≈≈KK@(.≈≈#######
#########≈## #≈# #≈# #≈#
#≈# #≈# #≈# #≈#


You could see a big kobold, Kriby's ghost and a kobold.

Vanquished Creatures
  An adder (D:2)
  2 river rats (Sewer)
  3 dart slugs (D:1)
  3 leopard geckos
  A ball python (D:1)
  5 bats
  4 giant cockroaches
  4 goblins
  7 hobgoblins
  6 jackals
  7 frilled lizards
  11 kobolds
  10 rats
64 creatures vanquished.

Notes
Turn   | Place    | Note
-------+----------+-------------------------------------------
     0 | D:1      | Darkell the Demonspawn Ice Elementalist began the quest for the Orb.
     0 | D:1      | Reached XP level 1. HP: 13/13 MP: 3/3
   139 | D:1      | Reached skill level 3 in Ice Magic
   240 | D:1      | Gained mutation: You have sharp fingernails. [demonic ancestry]
   240 | D:1      | Reached XP level 2. HP: 15/19 MP: 0/5
   647 | D:1      | Reached XP level 3. HP: 21/24 MP: 6/6
   810 | D:2      | Reached skill level 4 in Ice Magic
  1082 | D:2      | Found a shattered altar of Ashenzari.
  1577 | D:3      | Reached XP level 4. HP: 15/30 MP: 5/7
  1674 | D:3      | Found a glowing drain.
  1765 | Sewer    | Entered a sewer
  1879 | Sewer    | Noticed a big kobold
  1880 | Sewer    | Noticed Kriby's ghost (amateur HOFi)
  1892 | Sewer    | Mangled by Kriby's ghost

Skill      XL: |  1  2  3 |
---------------+----------+-----
Ice Magic      | 3 4 |  4.8
Dodging        | |  1.7
Stealth        | |  1.7
Spellcasting   | |  2.0
Conjurations   | |  1.0

Action                   |  1- 3 |  4- 6 || total
-------------------------+-------+-------++-------
Melee: Unarmed           |    28 |       ||    28
       Dagger            |    57 |    20 ||    77
 Cast: Freeze            |    57 |    13 ||    70
  Use: Potion            |     1 |       ||     1
       Scroll            |       |     3 ||     3
 Stab: Sleeping          |     2 |     1 ||     3
  Eat: Chunk             |     3 |     1 ||     4
Armor: Robe              |    24 |     9 ||    33
Dodge: Dodged            |    97 |    27 ||   124
